 Dungeon Crawl Stone Soup version 0.29-a0-384-g6960b1960d (webtiles) character file.

Game seed: 9398723513206584010

319 spaghetti the Basher (level 6, -4/47 HPs)
             Began as a Gnoll Wanderer on May 6, 2022.
             Was an Initiate of Okawaru.
             Slain by Grinder (5 damage)
             ... while paralysed by Grinder
             ... on level 3 of the Dungeon.
             The game lasted 00:06:19 (4381 turns).

spaghetti the Basher (Gnoll Wanderer)               Turns: 4381, Time: 00:06:19

Health: -4/47      AC:  4    Str: 17    XL:     6   Next: 45%
Magic:  11/11      EV:  2    Int:  8    God:    Okawaru [......]
Gold:   186        SH:  0    Dex: 11    Spells: 10/11 levels left

rFire   . . .      SeeInvis .   v - +1 dagger (venom) {short}
rCold   . . .      Faith    .   (no shield)
rNeg    . . .      Spirit   .   c - +0 leather armour
rPois   .          Reflect  .   (no helmet)
rElec   .          Harm     .   n - +0 cloak
rCorr   +          Rampage  .   (no gloves)
Will    .....                   (no boots)
Stlth   ++........              (no amulet)
HPRegen 0.15/turn               e - ring of resist corrosion
MPRegen 0.12/turn               (no ring)

@: paralysed, mighty, brilliant, flying, hasted
A: fangs 1, strong nose, distributed training
a: Renounce Religion


You were on level 3 of the Dungeon.
You worshipped Okawaru.
Okawaru was noncommittal.
You visited 2 branches of the dungeon, and saw 7 of its levels.

You collected 186 gold pieces.


Innate Abilities, Weirdness & Mutations

You have very sharp teeth.
Your uncanny sense of smell can sniff out nearby items.
Your experience applies equally to all skills.


   Skills:
 + Level 3.2 Fighting
 + Level 2.0 Short Blades
 + Level 2.0 Long Blades
 + Level 2.0 Axes
 + Level 8.7 Maces & Flails
 + Level 2.0 Polearms
 + Level 2.0 Staves
 + Level 2.0 Slings
 + Level 2.0 Bows
 + Level 2.0 Crossbows
 + Level 2.0 Throwing
 + Level 5.0 Armour
 + Level 2.0 Dodging
 + Level 3.1 Stealth
 + Level 2.0 Shields
 + Level 2.0 Unarmed Combat
 + Level 3.4 Spellcasting
 + Level 1.5 Conjurations
 + Level 1.5 Hexes
 + Level 1.5 Summonings
 + Level 2.6 Necromancy
 + Level 1.5 Translocations
 + Level 1.5 Transmutations
 + Level 1.5 Fire Magic
 + Level 1.5 Ice Magic
 + Level 1.5 Air Magic
 + Level 1.5 Earth Magic
 + Level 1.5 Poison Magic
 + Level 2.1 Invocations
 + Level 2.0 Evocations


You had 10 spell levels left.
You knew the following spells:

 Your Spells              Type           Power      Damage    Failure   Level
a - Pain                  Necr           32%        1d5       12%         1

Your spell library contained the following spells:

 Spells                   Type           Power      Damage    Failure   Level
 Slow                     Hex            20%        N/A       21%         1
 Corpse Rot               Necr/Air       14%        N/A       24%         2
 Vampiric Draining        Necr           8%         2d6       36%         3
 Confusing Touch          Hex            5%         N/A       52%         3
 Portal Projectile        Hex/Tloc       10%        N/A       52%         3
 Dispel Undead            Necr           8%         3d8       77%         4
 Leda's Liquefaction      Hex/Erth       2%         N/A       89%         4
 Dispersal                Tloc           2%         N/A       100%        6
 Disjunction              Tloc           2%         N/A       100%        8
 Call Canine Familiar     Summ           Unusable   N/A       N/A         3
 Death Channel            Necr           Unusable   N/A       N/A         6

Inventory:

Hand Weapons
 a - a +1 flail {mace}
 m - a +2 quarterstaff of holy wrath {staff}
   (You found it on level 4 of the Dungeon)
 r - a +3 dagger {short}
   (You found it on level 2 of the Dungeon)
 v - a +1 dagger of venom (weapon) {short}
   (You took it off a kobold on level 2 of the Dungeon)
Missiles
 f - 3 boomerangs {throwing}
 h - 77 stones (quivered) {throwing}
 l - 9 javelins {throwing}
Armour
 c - a +0 leather armour (worn)
 n - a +0 cloak (worn)
   (You found it on level 4 of the Dungeon)
Magical Staves
 q - a staff of cold {!astaff}
   (You found it on level 2 of the Dungeon)
Jewellery
 e - a ring of resist corrosion (left hand)
   (You found it on level 1 of the Dungeon)
Wands
 o - a wand of acid (6)
   (You found it on level 4 of the Dungeon)
Scrolls
 b - 3 scrolls of fog
 d - a scroll of teleportation {@r4}
 g - 2 scrolls of identify {unknown}
 j - a scroll of fear {unknown}
 k - a scroll of enchant armour {unknown}
 p - a scroll of enchant weapon {unknown}
 t - a scroll of magic mapping {unknown}
 y - a scroll of immolation {unknown}
Potions
 u - a potion of might
 x - 2 potions of flight

Dungeon Overview and Level Annotations

Branches:
Dungeon (6/15)             Temple (1/1) D:6

Altars:
Ashenzari
Dithmenos
Fedhas
Kikubaaqudgha
Makhleb
Nemelex Xobeh
Okawaru
Qazlal
Ru
Sif Muna
Vehumet
Xom
Yredelemnul
The Shining One

Shops:
D:2 *

Annotations:
D:3 Grinder
D:5 exclusion: ice beast
D:6 Ijyb

... ########. #..
..##........ #####..
........... #.....#
#..§..≈.... #.....#
#.)........ #.....#
#.§≈_$..# #.....#
#..≈§§§.## #.....#
#..@5.§..#
#.....#######..........
#.....†....†...#....##.
#.....#######.##...##
#...........#.# .....
#.....#####.#.# .....#
###.#.#..<#.#.# .......
#.#.#.###.#.# .......
#.#.#.....#.#


You could see Grinder (very poisoned).


Message History

Your Crossbows skill increases to level 2!
Your Throwing skill increases to level 2!
Your Armour skill increases to level 5!
Your Dodging skill increases to level 2!
Your Shields skill increases to level 2!
Your Unarmed Combat skill increases to level 2!
Your Evocations skill increases to level 2!
You see here a hound corpse.
A hobgoblin comes into view. 😕 HP[+5]
You regained 5 hp, and now have 46/47 hp.
A hobgoblin is nearby!
A hobgoblin is nearby!
A hobgoblin is nearby!
The hobgoblin shouts!
You hit the hobgoblin.
You bite the hobgoblin, but do no damage.
The hobgoblin barely misses you.
You hit the hobgoblin but do no damage.
The hobgoblin is poisoned.
The hobgoblin hits you.
You closely miss the hobgoblin.
You kill the hobgoblin!
Okawaru accepts your kill. 😕 HP[-1]
You take 1 damage, and now have 45/47 hp.
No target in view!
No target in view!
No target in view!
No target in view!
No target in view!
No target in view!
No target in view!
No target in view!
No target in view!
No target in view!
No target in view!
No target in view!
No target in view!
No target in view!
No target in view!
No target in view!
No target in view!
Grinder comes into view.
Found a dagger and 6 gold pieces.
Found a stormy altar of Qazlal.
Grinder shouts!
You see here a hobgoblin corpse.
Grinder blinks!
It was a potion of magic.
Magic courses through your body. 😕 HP[+1] It was a potion of brilliance.
You feel clever all of a sudden.
It was a potion of might.
You feel very mighty all of a sudden.
Grinder blinks!
Okay, then.
Grinder blinks!
Grinder gestures at you.
You suddenly lose the ability to move!
You can move again.
Unknown command.
Unknown command.
Unknown command.
Unknown command.
Grinder gestures at you. Pain shoots through your body! 😕 HP[-7]
You take 7 damage, and now have 39/47 hp.
You barely miss Grinder. Grinder hits you but does no damage.
You hit Grinder. You hit Grinder. Your bite misses Grinder.
Grinder hits you but does no damage.
You barely miss Grinder. Grinder hits you.
You writhe in agony. 😮 HP[-7]
You take 7 damage, and now have 32/47 hp.
You barely miss Grinder. Grinder hits you.
You writhe in agony. 😮 HP[-7]
You take 7 damage, and now have 25/47 hp.
You hit Grinder.
Grinder is poisoned.
You bite Grinder. Grinder hits you.
* * * LOW HITPOINT WARNING * * *
You writhe in agony.
* * * LOW HITPOINT WARNING * * *
😨 HP[-12]
You take 12 damage, and now have 13/47 hp.
MASSIVE DAMAGE!! (PAUSE) Unknown command.
It was a potion of haste.
You feel yourself speed up. Grinder closely misses you.
It was a potion of flight.
You feel very buoyant.
You fly up into the air.
Grinder says, "Tell me all your secrets, or I'll kill you."
Grinder gestures at you.
You suddenly lose the ability to move!
Grinder hits you.
* * * LOW HITPOINT WARNING * * *
You writhe in agony.
* * * LOW HITPOINT WARNING * * *
Grinder hits you!
* * * LOW HITPOINT WARNING * * *
You writhe in agony.
You die...

Skill      XL: |  1  2  3  4  5  6 |
---------------+-------------------+-----
Necromancy     | 2 |  2.6
Short Blades   | 1 2 |  2.0
Long Blades    | 1 2 |  2.0
Axes           | 1 2 |  2.0
Polearms       | 1 2 |  2.0
Staves         | 1 2 |  2.0
Slings         | 1 2 |  2.0
Bows           | 1 2 |  2.0
Crossbows      | 1 2 |  2.0
Throwing       | 1 2 |  2.0
Dodging        | 1 2 |  2.0
Shields        | 1 2 |  2.0
Unarmed Combat | 1 2 |  2.0
Spellcasting   | 3 |  3.4
Invocations    | 1 2 |  2.1
Evocations     | 1 2 |  2.0
Conjurations   | 1 |  1.5
Hexes          | 1 |  1.5
Summonings     | 1 |  1.5
Translocations | 1 |  1.5
Transmutations | 1 |  1.5
Fire Magic     | 1 |  1.5
Ice Magic      | 1 |  1.5
Air Magic      | 1 |  1.5
Earth Magic    | 1 |  1.5
Poison Magic   | 1 |  1.5
Fighting       | 3 |  3.2
Stealth        | 3 |  3.1
Armour         | 5 |  5.0
Maces & Flails | |  8.7

Action                   |  1- 3 |  4- 6 || total
-------------------------+-------+-------++-------
Melee: Flail             |    48 |    81 ||   129
       Bite              |     4 |    13 ||    17
       Punch             |     1 |     1 ||     2
       Dagger            |       |    50 ||    50
Evoke: Wand              |       |     3 ||     3
  Use: Potion            |     1 |     6 ||     7
       Scroll            |       |     6 ||     6
 Stab: Sleeping          |     3 |     8 ||    11
Armor: Leather armour    |     7 |    35 ||    42
       Skin              |     6 |       ||     6
Dodge: Dodged            |    24 |    62 ||    86

Levels and vault maps discovered:
D:1:      dpeg_arrival_radiant, layout_loops_corners, basic_ecumenical_altar
D:2:      minmay_chambers_of_twos, layout_basic, serial_shops, shop_fountains,
          kennysheep_boxes
D:3:      layout_basic, nicolae_qazlal_scattered_showers, marbit_many_paths,
          slow_altar_2, serial_shops, shop, nicolae_shop_behind_doors,
          corexii_leaking_fountain, uniq_crazy_yiuf_cottage, uniq_grinder
D:4:      layout_basic, hangedman_feature_mirror
D:5:      layout_basic, mainiacjoe_overflow_paths, nicolae_ossuary_entry_plus,
          nicolae_figureground_pulse, uniq_ijyb
D:6:      layout_gridville, mainiacjoe_overflow_alcove_2, kennysheep_little_box,
          minmay_temple_entry_arrows, chequers_serial_rivers_micro_d
Temple:   dshaligram_water_room_temple

Notes
Turn   | Place    | Note
-------+----------+-------------------------------------------
     0 | D:1      | spaghetti the Gnoll Wanderer began the quest for the Orb.
     0 | D:1      | spaghetti set off with the following items: a +1 flail
                  | {mace}, a scroll of fog, a +0 leather armour; and the
                  | following spell memorised: Pain; and the following spells
                  | available to memorise: Vampiric Draining
     0 | D:1      | Reached XP level 1. HP: 17/17 MP: 4/4
     0 | D:1      | magus.rc [v1.9.6]
    63 | D:1      | Found a faded altar of an unknown god.
   376 | D:1      | Reached skill level 2 in Necromancy
   668 | D:1      | You pick up a book of Debilitation and begin reading...
   668 | D:1      | You add the spells Slow and Confusing Touch to your
                  | library.
   747 | D:1      | Reached XP level 2. HP: 20/23 MP: 5/5
   880 | D:1      | You pick up a book of the Hunter and begin reading...
   880 | D:1      | You add the spells Call Canine Familiar, Portal Projectile
                  | and Leda's Liquefaction to your library.
  1393 | D:2      | You fall into a shaft and drop 2 floors!
  1414 | D:4      | Reached XP level 3. HP: 16/28 MP: 7/7
  1689 | D:4      | Noticed a necrophage
  1700 | D:4      | Killed a necrophage
  1701 | D:4      | Reached skill level 1 in Short Blades
  1701 | D:4      | Reached skill level 1 in Long Blades
  1701 | D:4      | Reached skill level 1 in Axes
  1701 | D:4      | Reached skill level 1 in Polearms
  1701 | D:4      | Reached skill level 1 in Staves
  1701 | D:4      | Reached skill level 1 in Slings
  1701 | D:4      | Reached skill level 1 in Bows
  1701 | D:4      | Reached skill level 1 in Crossbows
  1701 | D:4      | Reached skill level 1 in Throwing
  1701 | D:4      | Reached skill level 1 in Dodging
  1701 | D:4      | Reached skill level 1 in Shields
  1701 | D:4      | Reached skill level 1 in Unarmed Combat
  1701 | D:4      | Reached skill level 3 in Spellcasting
  1701 | D:4      | Reached skill level 1 in Invocations
  1701 | D:4      | Reached skill level 1 in Evocations
  1701 | D:4      | Reached XP level 4. HP: 34/34 MP: 8/8
  1832 | D:4      | Reached skill level 1 in Conjurations
  1832 | D:4      | Reached skill level 1 in Hexes
  1832 | D:4      | Reached skill level 1 in Summonings
  1832 | D:4      | Reached skill level 1 in Translocations
  1832 | D:4      | Reached skill level 1 in Transmutations
  1832 | D:4      | Reached skill level 1 in Fire Magic
  1832 | D:4      | Reached skill level 1 in Ice Magic
  1832 | D:4      | Reached skill level 1 in Air Magic
  1832 | D:4      | Reached skill level 1 in Earth Magic
  1832 | D:4      | Reached skill level 1 in Poison Magic
  2008 | D:4      | Reached XP level 5. HP: 32/40 MP: 9/9
  2207 | D:5      | Entered Level 5 of the Dungeon
  2257 | D:5      | You pick up a book of Decay and begin reading...
  2257 | D:5      | You add the spells Corpse Rot, Dispel Undead and Death
                  | Channel to your library.
  2258 | D:5      | Noticed Ijyb
  2262 | D:5      | You pick up a book of the Warp and begin reading...
  2262 | D:5      | You add the spells Dispersal and Disjunction to your
                  | library.
  2264 | D:5      | Paralysed by Ijyb for 4 turns
  2271 | D:6      | Paralysed by Ijyb for 3 turns
  2280 | D:6      | HP: 10/40 [/a scroll of torment (8)]
  2284 | D:6      | Noticed an ice beast
  2301 | D:6      | Killed an ice beast
  2302 | D:6      | Reached skill level 3 in Fighting
  2625 | D:6      | Found a staircase to the Ecumenical Temple.
  2635 | Temple   | Entered the Ecumenical Temple
  2737 | Temple   | Became a worshipper of Warmaster Okawaru
  2776 | D:5      | Reached XP level 6. HP: 29/47 MP: 10/10
  2782 | D:5      | Noticed an ice beast
  2951 | D:5      | Reached skill level 2 in Invocations
  2959 | D:5      | Reached skill level 3 in Stealth
  2963 | D:5      | HP: 9/47 [acid (4)]
  3621 | D:2      | Found Cuarhid's General Store.
  4323 | D:3      | Reached skill level 2 in Short Blades
  4323 | D:3      | Reached skill level 2 in Long Blades
  4323 | D:3      | Reached skill level 2 in Axes
  4323 | D:3      | Reached skill level 2 in Polearms
  4323 | D:3      | Reached skill level 2 in Staves
  4323 | D:3      | Reached skill level 2 in Slings
  4323 | D:3      | Reached skill level 2 in Bows
  4323 | D:3      | Reached skill level 2 in Crossbows
  4323 | D:3      | Reached skill level 2 in Throwing
  4323 | D:3      | Reached skill level 5 in Armour
  4323 | D:3      | Reached skill level 2 in Dodging
  4323 | D:3      | Reached skill level 2 in Shields
  4323 | D:3      | Reached skill level 2 in Unarmed Combat
  4323 | D:3      | Reached skill level 2 in Evocations
  4362 | D:3      | Noticed Grinder
  4363 | D:3      | Found a stormy altar of Qazlal.
  4369 | D:3      | Paralysed by Grinder for 2 turns
  4379 | D:3      | Paralysed by Grinder for 2 turns
  4380 | D:3      | HP: 9/47 [Grinder (3)]
  4381 | D:3      | HP: 1/47 [Grinder (8)]
  4381 | D:3      | Slain by Grinder

Vanquished Creatures
  An ice beast (D:6)
  A necrophage (D:4)
  2 hounds
  3 adders
  A white imp (D:5)
  An ufetubus (D:5)
  A worm (D:2)
  5 dart slugs
  An orc (D:6)
  7 ball pythons
  A bat (D:1)
  6 endoplasms
  3 giant cockroaches (D:2)
  8 hobgoblins
  4 kobolds
  3 quokkas
  3 goblins
  7 rats
58 creatures vanquished.

Table legend:
 A = Non-vault XP
 B = Vault XP
 C = Vault XP percentage of total XP
 D = Non-vault monster count
 E = Vault monster count
 F = Vault count percentage of total count
                 A         B        C        D         E       F
            +---------+---------+-------+---------+---------+-------
      Total |     425 |      31 |   6.8 |      49 |       9 |  15.5
            +---------+---------+-------+---------+---------+-------
        D:1 |      17 |       0 |   0.0 |      11 |       0 |   0.0
        D:2 |      31 |      30 |  49.2 |      17 |       8 |  32.0
        D:3 |      56 |       0 |   0.0 |       7 |       0 |   0.0
        D:4 |     154 |       1 |   0.6 |       9 |       1 |  10.0
        D:5 |      32 |       0 |   0.0 |       3 |       0 |   0.0
        D:6 |     135 |       0 |   0.0 |       2 |       0 |   0.0
            +---------+---------+-------+---------+---------+-------

Illustrated notes

Table legend:
 A = Kills in this place as a percentage of kills in entire the game.
 B = Kills by you in this place as a percentage of kills by you in the entire game.
 C = Kills by friends in this place as a percentage of kills by friends in the entire game.
 D = Other kills in this place as a percentage of other kills in the entire game.
 E = Experience gained in this place as a percentage of experience gained in the entire game.
 F = Experience gained in this place divided by the number of levels of this place that you have seen.
                   A       B       C       D       E      F
               +-------+-------+-------+-------+-------+----------------------
         Total | 100.0 | 100.0 |   N/A |   N/A | 100.0 |  65.1
       Dungeon | 100.0 | 100.0 |   N/A |   N/A | 100.0 |  76.0
               +-------+-------+-------+-------+-------+----------------------

Table legend: (Time is in decaauts)
 A = Elapsed time spent in this place.
 B = Non-inter-level travel time spent in this place.
 C = Inter-level travel time spent in this place.
 D = Time resting spent in this place.
 E = Time spent auto-exploring this place.
 F = Levels seen in this place.
 G = Mean time per level.
                   A        B        C        D        E       F      G
               +--------+--------+--------+--------+--------+-----+--------+
         Total |   4404 |   4158 |    246 |   1137 |   2424 |   7 |  629.1 |
       Dungeon |   4288 |   4087 |    201 |   1137 |   2364 |   6 |  714.7 |
        Temple |    115 |     70 |     45 |      0 |     60 |   1 |  115.0 |
               +--------+--------+--------+--------+--------+-----+--------+

Top non-repeatable levels by time:
     D:1: 1425 daAuts
     D:4: 1064 daAuts
     D:2: 983 daAuts
     D:6: 372 daAuts
     D:5: 288 daAuts
     D:3: 154 daAuts
  Temple: 115 daAuts
